 Dungeon Crawl Stone Soup version 0.25.1-9-gc5326a611f (webtiles) character file.

Game seed: 6371786840199510551

59 OfficerJojo the Skirmisher (level 3, -4/31 HPs)
             Began as a Centaur Fighter on Oct 8, 2021.
             Slain by a bullfrog (7 damage)
             ... on level 2 of the Dungeon.
             The game lasted 00:04:08 (1483 turns).

OfficerJojo the Skirmisher (Centaur Fighter)        Turns: 1483, Time: 00:04:08

Health: -4/31      AC:  6    Str: 19    XL:     3   Next: 78%
Magic:  3/3        EV:  5    Int:  7    God:
Gold:   53         SH:  8    Dex:  8    Spells: 2/2 levels left

rFire    . . .     SeeInvis .   a - +0 long sword
rCold    . . .     Gourm    .   c - +0 kite shield
rNeg     . . .     Faith    .   b - +0 scale mail
rPois    .         Spirit   .   (no helmet)
rElec    .         Reflect  .   (no cloak)
rCorr    .         Harm     .   (no gloves)
MR       .....                  (no barding)
Stlth    ..........             (no amulet)
HPRegen  0.10/turn              (no ring)
MPRegen  0.08/turn              (no ring)

@: very quick
A: large, hooves 3, deformed body, speed 2, tough skin 3
a: no special abilities


You were on level 2 of the Dungeon.
You were not hungry.

You visited 1 branch of the dungeon, and saw 2 of its levels.

You collected 53 gold pieces.

Inventory:

Hand Weapons
 a - a +0 long sword (weapon)
Armour
 b - a +0 scale mail (worn)
 c - a +0 kite shield (worn)
 i - a +0 ring mail
Scrolls
 e - a scroll of immolation {unknown}
 j - a scroll of identify {unknown}
 k - a scroll of teleportation {unknown}
 l - a scroll of blinking {unknown}
Potions
 d - a potion of might
 g - a potion of flight {unknown}
 h - 2 potions of curing
Comestibles
 f - 4 rations
 m - 7 chunks of flesh


   Skills:
 + Level 3.5 Fighting
 + Level 2.4 Long Blades
 + Level 2.5 Armour
 + Level 2.5 Shields


You had 2 spell levels left.
You didn't know any spells.
Your spell library was empty.

Dungeon Overview and Level Annotations

Branches:
Dungeon (2/15)

Altars:

Annotations:
D:2 Sigmund


Innate Abilities, Weirdness & Mutations

You have hooves in place of feet.
Armour fits poorly on your strangely shaped body.
You cover ground very quickly.
You have extremely tough skin. (AC +3)


Message History

The bullfrog hits you but does no damage.
You block the bullfrog's attack.
You closely miss the bullfrog. You kick the bullfrog!
The bullfrog is heavily wounded.
You block the bullfrog's attack. The bullfrog hits you.
You miss the bullfrog. Your kick misses the bullfrog.
The bullfrog is heavily wounded.
The bullfrog hits you!
The bullfrog hits you but does no damage.
You barely miss the bullfrog. Your kick misses the bullfrog.
The bullfrog is heavily wounded.
The bullfrog barely misses you.
You riposte.
You hit the bullfrog.
The bullfrog is severely wounded.
The bullfrog hits you.
You hit the bullfrog. Your kick misses the bullfrog.
The bullfrog is almost dead.
You block the bullfrog's attack. The gnoll hits you with a +0 flail!
* * * LOW HITPOINT WARNING * * *
The bullfrog hits you!
You die...

###########
#.....>...#
######.........#
#...)..........#
##.####.........#
###..#
#.........#
....##
#######..##
..#..#
######@########
.....#
......gF÷.......
.....#
#...#....####...
.....# #. #....#
..<..# #...†#
.....# ##.(..
.....# #...#.
.....# #...#..
..#..# ##..# ..


You could see a bullfrog and a gnoll.

Vanquished Creatures
  An adder (D:2)
  2 dart slugs (D:2)
  2 leopard geckos (D:2)
  A ball python (D:2)
  4 giant cockroaches (D:1)
  7 goblins
  8 hobgoblins
  3 bats (D:1)
  2 frilled lizards
  4 kobolds
  8 rats
42 creatures vanquished.

Notes
Turn   | Place    | Note
-------+----------+-------------------------------------------
     0 | D:1      | OfficerJojo the Centaur Fighter began the quest for the
                  | Orb.
     0 | D:1      | Reached XP level 1. HP: 19/19 MP: 1/1
   173 | D:1      | Reached XP level 2. HP: 24/26 MP: 2/2
   939 | D:2      | Reached XP level 3. HP: 25/31 MP: 3/3
  1129 | D:2      | Noticed Sigmund
  1469 | D:2      | Noticed a bullfrog
  1483 | D:2      | Slain by a bullfrog

Illustrated notes

Levels and vault maps discovered:
D:1:      lemuel_arrival_behind_the_door_large, layout_loops_ring
D:2:      minmay_recursive_quarters, layout_rooms, kiku_gazebo_pond_becter,
          uniq_crazy_yiuf_cottage, uniq_sigmund

Skill      XL: |  1 |
---------------+----+-----
Long Blades    | 2 |  2.4
Fighting       | |  3.5
Armour         | |  2.5
Shields        | |  2.5

Action                   || total
-------------------------++-------
Melee: Long sword        ||   117
       Kick              ||    20
  Use: Potion            ||     1
  Eat: Chunk             ||     1
Armor: Scale mail        ||    42
Dodge: Dodged            ||    31
Block: Kite shield       ||    44
       Rpst.: Long sword ||    13
